 Dungeon Crawl Stone Soup version 0.30-a0-760-g5a9884bb7c (webtiles) character file.

Game seed: 8514704474892623660

22 sircluck the Magician (level 2, 0/19 (21) HPs)
             Began as an Armataur Hedge Wizard on Feb 10, 2023.
             Slain by a wight
             ... wielding a +0 hand axe
              (6 damage)
             ... on level 3 of the Dungeon.
             The game lasted 00:03:09 (1436 turns).

sircluck the Magician (Armataur Hedge Wizard)       Turns: 1436, Time: 00:03:09

HP:   0/19 (21)     AC:  4    Str: 15    XL:     2   Next: 68%
MP:   6/6           EV:  9    Int: 14    God:
Gold: 23            SH:  0    Dex:  9    Spells: 0/7 levels left

rFire   . . .      SeeInvis .    a - +0 dagger
rCold   . . .      Faith    .    (no shield)
rNeg    . . .      Spirit   .    b - +0 robe
rPois   .          Reflect  .    c - +0 hat
rElec   .          Harm     .    e - scarf {repulsion}
rCorr   .          Roll     +    (no gloves)
Will    .....                    (no barding)
Stlth   ++                       (no amulet)
HPRegen 0.23/turn                g - ring of wizardry
MPRegen 0.10/turn                (no ring)

@: drained, repel missiles
A: large, rugged brown scales 3, deformed body, armoured tail, roll, long
tongue, awkward tongue
a: no special abilities


You were on level 3 of the Dungeon.
You visited 1 branch of the dungeon, and saw 3 of its levels.

You collected 23 gold pieces.

Inventory:

Hand Weapons
 a - a +0 dagger (weapon)
Missiles
 j - 5 poisoned darts
 k - 7 stones
Armour
 b - a +0 robe (worn)
 c - a +0 hat (worn)
 e - a scarf of repulsion (worn)
Jewellery
 g - a ring of wizardry (left hand)
Scrolls
 f - a scroll of fear {unknown}
 h - a scroll of magic mapping {unknown}
 i - a scroll of teleportation {unknown}
 l - a scroll of identify {unknown}
Potions
 d - a potion of magic


   Skills:
 + Level 0.3 Short Blades
 + Level 1.5 Dodging
 + Level 2.1 Stealth
 + Level 3.3 Spellcasting
 + Level 0.9 Conjurations
 + Level 0.7 Summonings
 + Level 1.0 Translocations


You couldn't memorise any spells.
You knew the following spells:

 Your Spells              Type           Power      Damage    Failure   Level
a - Magic Dart            Conj           16%        1d3       6%          1
b - Blink                 Tloc           10%        N/A       9%          2
c - Call Imp              Summ           4%         N/A       10%         2
d - Cigotuvi's Dreadful   Necr/Pois/Air  4%         N/A       13%         2

Your spell library contained the following spells:

 Spells                   Type           Power      Damage    Failure   Level
 Slow                     Hex            8%         N/A       9%          1
 Call Canine Familiar     Summ           4%         N/A       19%         3
 Portal Projectile        Hex/Tloc       6%         N/A       21%         3
 Mephitic Cloud           Conj/Pois/Air  3%         N/A       22%         3
 Leda's Liquefaction      Hex/Erth       1%         N/A       61%         4


Dungeon Overview and Level Annotations

Branches:
Dungeon (3/15)

Altars:

Annotations:
D:3 1 transporter


Innate Abilities, Weirdness & Mutations

You are completely covered in rugged brown scales. (AC +3, +7% HP)
Armour fits poorly on your strangely shaped body.
You have a long armoured tail.
You roll when moving toward enemies. (Rampage)
Your long tongue fully drains potion bottles. (2x potion effects)
Your tongue gives you trouble enunciating. (1.5x scroll delay)


Message History

Your magical contamination has completely faded away.
You hit the hobgoblin but do no damage.
The hobgoblin is almost dead.
The hobgoblin hits you.
You hit the hobgoblin.
You kill the hobgoblin!
No target in view!
No target in view!
No target in view!
You see here a hobgoblin corpse.
A ball python comes into view.
The magic dart hits the ball python.
The ball python is severely wounded.
A ball python is nearby!
The magic dart hits the ball python.
You kill the ball python!
You can't see any susceptible monsters within range! (Use Z to cast anyway.)
Found a stone staircase leading down.
There is a stone staircase leading down here.
You now have 23 gold pieces (gained 13).
Found a transporter.
An orc comes into view. It is wielding a +0 war axe.
The orc moves out of view.
A wight comes into view. It is wielding a +0 hand axe.
A wight comes into view. It is wielding a +1 heavy morningstar.
You hit the wight.
The wight is lightly damaged.
The wight attacks as you move away! The wight hits you with a +0 hand axe.
The wight attacks as you move away! The wight hits you with a +0 hand axe.
You feel drained.
A goblin comes into view. It is wielding a +0 club.
Found a stone staircase leading up.
The goblin shouts!
The goblin barely misses you. The wight attacks as you move away!
The wight hits you with a +0 hand axe. The wight attacks as you move away!
The wight hits you with a +0 hand axe!
You feel drained.
* * * LOW HITPOINT WARNING * * *
The wight attacks as you move away! The wight hits you with a +0 hand axe.
You die...

#### #.# ####.. ...#
###########.##.# #..#
#............#.####.<# #
#.#.........@z...##..#.#
#.#.....<)...#z#.##.....
#.#.........#.......##
#.#.......###........#
#.#.†.....# #..#.##..#
#.........# #..#.....#
####.######
#..####z.#### ## #...#
#..##.......# ##. #...#
.........##.###..


You could see 2 wights.

Vanquished Creatures
  A dart slug (D:1)
  An endoplasm (D:1)
  2 giant cockroaches (D:1)
  3 hobgoblins
  2 quokkas
  4 ball pythons
  A bat (D:1)
  A frilled lizard (D:1)
  2 kobolds
  3 rats
20 creatures vanquished.

Notes
Turn   | Place    | Note
-------+----------+-------------------------------------------
     0 | D:1      | sircluck the Armataur Hedge Wizard began the quest for the
                  | Orb.
     0 | D:1      | Reached XP level 1. HP: 14/14 MP: 4/4
   366 | D:1      | Reached skill level 3 in Spellcasting
   422 | D:1      | Reached XP level 2. HP: 21/21 MP: 4/6
   467 | D:1      | Learned a level 2 spell: Blink
   470 | D:1      | Learned a level 2 spell: Call Imp
   473 | D:1      | Learned a level 2 spell: Cigotuvi's Dreadful Rot
  1409 | D:3      | Found a transporter.
  1411 | D:3      | Noticed a wight
  1414 | D:3      | Noticed a wight
  1436 | D:3      | Slain by a wight

Illustrated notes

Levels and vault maps discovered:
D:1:      matt_arrival_grand_opening, layout_basic
D:2:      layout_basic, ebering_ecumenical_altar_petrified, serial_corexii_hall,
          corexii_hall_statues_t, chequers_hall_statues_wall_a
D:3:      layout_loops_cross, gammafunk_ghost_abyssal_escape, uniq_terence

Skill      XL: |  1 |
---------------+----+-----
Spellcasting   | 3 |  3.3
Short Blades   | |  0.3
Dodging        | |  1.5
Stealth        | |  2.1
Conjurations   | |  0.9
Summonings     | |  0.7
Translocations | |  1.0

Action                     || total
---------------------------++-------
  Melee: Dagger            ||    37
         Tailslap          ||     4
   Cast: Magic Dart        ||    55
 Armour: Robe              ||    10
  Dodge: Dodged            ||    21
         Repelled          ||     1

Table legend: (Time is in decaauts)
 A = Elapsed time spent in this place.
 B = Non-inter-level travel time spent in this place.
 C = Inter-level travel time spent in this place.
 D = Time resting spent in this place.
 E = Time spent auto-exploring this place.
 F = Levels seen in this place.
 G = Mean time per level.
                   A        B        C        D        E       F      G
               +--------+--------+--------+--------+--------+-----+--------+
         Total |   1434 |   1388 |     46 |      0 |   1139 |   3 |  478.0 |
       Dungeon |   1434 |   1388 |     46 |      0 |   1139 |   3 |  478.0 |
               +--------+--------+--------+--------+--------+-----+--------+

Top non-repeatable levels by time:
     D:1: 1169 daAuts
     D:3: 236 daAuts
     D:2: 28 daAuts
